 Dungeon Crawl Stone Soup version 0.31-a0-325-g067879e3d3 (webtiles) character file.

Game seed: 4373807015172921243

973 Dittersdorf the Shield-Bearer (level 8, -5/51 HPs)
             Began as a Gargoyle Fighter on July 18, 2023.
             Was an Initiate of Okawaru.
             Slain by an ogre
             ... wielding a +0 giant club
              (14 damage)
             ... on level 6 of the Dungeon.
             The game lasted 00:08:41 (5341 turns).

Dittersdorf the Shield-Bearer (Gargoyle Fighter)    Turns: 5341, Time: 00:08:42

Health: -5/51      AC: 22    Str: 22    XL:     8   Next: 16%
Magic:  8/8        EV:  8    Int: 11    God:    Okawaru [......]
Gold:   921        SH:  5    Dex:  9    Spells: 7/7 levels left

rFire   . . .        a - +0 flail
rCold   . . .        c - +0 buckler
rNeg    + + .        u - +0 chain mail
rPois   ∞            w - +0 helmet
rElec   +            (no cloak)
rCorr   +            f - +0 pair of gloves
SInv    .            (no boots)
Will    .....        n - amulet of the Sharing Enemy {rN+ Regen+ Int+2} Stlth
                     e - +4 ring of protection
HPRegen 1.08/turn    j - ring of resist corrosion
MPRegen 0.11/turn

%: no passive effects
@: no status effects
A: sickness immunity, AC +5, negative energy resistance 1, electricity
resistance, torment resistance 1, petrification resistance
a: Renounce Religion


You were on level 6 of the Dungeon.
You worshipped Okawaru.
Okawaru was noncommittal.
You visited 2 branches of the dungeon, and saw 7 of its levels.
You also visited: Sewer.

You collected 921 gold pieces.

Inventory:

Hand Weapons
 a - a +0 flail (weapon)
Missiles
 g - 19 poisoned darts
 q - 2 throwing nets
Armour
 c - a +0 buckler (worn)
 f - a +0 pair of gloves (worn)
 u - a +0 chain mail (worn)
 w - a +0 helmet (worn)
Jewellery
 e - a +4 ring of protection (left hand)
 j - a ring of resist corrosion (right hand)
 k - a ring of protection from fire
 n - the amulet of the Sharing Enemy (around neck) {rN+ Regen+ Int+2}
   (You found it on level 2 of the Dungeon)

   [amulet of regeneration]

   Int:       It affects your intelligence (+2).
   rN:        It protects you from negative energy.
   Regen:     It increases your rate of health regeneration.
Scrolls
 p - a scroll of poison {unknown}
 s - 6 scrolls of teleportation
 t - a scroll of silence
Potions
 b - a potion of enlightenment {unknown}
 d - a potion of might
 h - a potion of brilliance {unknown}
 i - a potion of curing {unknown}
 l - a potion of mutation {unknown}
 m - 2 potions of invisibility {unknown}
 o - 2 potions of cancellation {unknown}
 v - 2 potions of resistance


   Skills:
 + Level 5.9 Fighting
 + Level 4.9 Maces & Flails
 + Level 6.0 Armour
 + Level 6.0 Shields


You had 7 spell levels left.
You didn't know any spells.
Your spell library contained the following spells:

 Spells                   Type           Power      Damage    Failure   Level
 Dazzling Flash           Conj/Hex       0%         N/A       100%        3
 Volatile Blastmotes      Fire/Tloc      0%         2d10      100%        3
 Starburst                Conj/Fire      0%         6d3       100%        6
 Maxwell's Capacitive Co  Air            0%         ∞         100%        8


Dungeon Overview and Level Annotations

Branches:
Dungeon (6/15)             Temple (1/1) D:5           Sewer (visited)

Altars:
Dithmenos
Elyvilon
Fedhas
Gozag
Hepliaklqana
Kikubaaqudgha
Makhleb
Nemelex Xobeh
Okawaru
Qazlal
Ru
Sif Muna
Trog
Uskayaw
Vehumet
Wu Jian
Xom
Yredelemnul
Zin

Shops:
D:3 =   D:4 *   D:6 :

Annotations:
D:6 Prince Ribbit


Innate Abilities, Weirdness & Mutations

You are immune to sickness and miasma.
Your stone body is resilient. (AC +5)
You are immune to poison.
You resist negative energy. (rN+)
You are resistant to electric shocks. (rElec)
You are resistant to unholy torment.
You are immune to petrification.


Message History

You are too injured to fight recklessly!
You are too injured to fight recklessly!
You are too injured to fight recklessly!
You are too injured to fight recklessly!
You are too injured to fight recklessly!
You are too injured to fight recklessly!
You are too injured to fight recklessly!
You are too injured to fight recklessly!
You are too injured to fight recklessly!
You are too injured to fight recklessly!
You are too injured to fight recklessly!
You are too injured to fight recklessly!
You are too injured to fight recklessly!
You are too injured to fight recklessly!
You are too injured to fight recklessly!
You are too injured to fight recklessly!
You closely miss the adder.
The orc shouts!
The scorpion barely misses you. The adder barely misses you.
The scorpion stings you but does no damage.
The ogre barely misses you.
Prince Ribbit comes into view.
The adder barely misses you.
You hit the adder.
The adder is heavily wounded.
The scorpion stings you but does no damage.
The adder closely misses you. The ogre hits you with a +0 giant club!
* * * LOW HITPOINT WARNING * * *
You closely miss the adder.
The adder is heavily wounded.
You block the scorpion's attack. The adder closely misses you.
An orc comes into view. It is wielding a +0 war axe.
An orc comes into view. It is wielding a +0 mace.
Prince Ribbit blinks!
The scorpion stings you but does no damage.
You block the adder's attack.
You closely miss the adder.
The adder is heavily wounded.
The ogre hits you with a +0 giant club!
You die...

*,* *,**,,*,******,*,**, *,*
***,**,.oo,,,,,*,*,**, *,*
*,,,,,,..,,,**,*,*,**, *,*
*,#,###F#**,**,*,*,**, *,*
*,#.#..o# *,,,,*,*,**, *,*
*,*.#...###.#***,*,**, *,*
*,*,.oo/....# *,,,,,, *,*
*,**#sO...#*****,,,**, *,*
*,* #@#,,,,..,,,,,,,,.
*,**###.###S###....,,,,,,,,.
*,,,............#**********#
****#######.######.#*
#.........*****###
#=####....,,,,,..# #.#
#.#.#*****#.# #.# #.#.# #.#
#.# #.#.# #.#


You could see Prince Ribbit, an ogre, a scorpion, an adder and 5 orcs.

Vanquished Creatures
  A centaur (D:5)
  A phantom (D:5)
  A gnoll sergeant (D:4)
  A scorpion (D:5)
  An orc priest (D:3)
  A jelly (D:5)
  2 iguanas
  3 orc wizards
  3 sleepcaps
  8 adders
  7 gnolls
  10 river rats
  A shadow imp (D:6)
  2 white imps (D:5)
  2 worms
  A dart slug (D:1)
  17 orcs
  13 ball pythons
  11 endoplasms
  5 giant cockroaches
  6 hobgoblins
  10 jackals
  23 kobolds
  2 quokkas
  7 bats
  A frilled lizard (D:3)
  11 goblins
  25 rats
176 creatures vanquished.

Notes
Turn   | Place    | Note
-------+----------+-------------------------------------------
     0 | D:1      | Dittersdorf the Gargoyle Fighter began the quest for the
                  | Orb.
     0 | D:1      | Reached XP level 1. HP: 14/14 MP: 1/1
   151 | D:1      | Reached XP level 2. HP: 19/19 MP: 2/2
   470 | D:1      | Reached XP level 3. HP: 9/23 MP: 3/3
   947 | D:2      | Identified the amulet of the Sharing Enemy {rN+ Regen+
                  | Int+2}
  1394 | D:2      | You fall into a shaft and drop 1 floor!
  1437 | D:3      | Reached XP level 4. HP: 29/29 MP: 4/4
  1451 | D:3      | Found Peklecydax's Jewellery Emporium.
  1461 | D:3      | Identified the +1 robe of Complete Protection {Dex+3}
  2218 | D:3      | Reached XP level 5. HP: 21/33 MP: 5/5
  2539 | D:4      | Identified a scroll of acquirement
  2539 | D:4      | Acquired 608 gold pieces
  2600 | D:4      | Found a glowing drain.
  2605 | Sewer    | Entered a sewer
  2629 | Sewer    | Reached XP level 6. HP: 39/39 MP: 6/6
  3442 | D:4      | Found Foinn's General Store.
  3457 | D:4      | Found a glowing silver altar of Zin.
  3458 | D:4      | Found an ancient bone altar of Kikubaaqudgha.
  3662 | D:4      | Reached skill level 5 in Armour
  3662 | D:4      | Reached skill level 5 in Shields
  3945 | D:3      | Reached XP level 7. HP: 42/44 MP: 7/7
  4103 | D:4      | Reached skill level 5 in Fighting
  4309 | D:5      | Entered Level 5 of the Dungeon
  4439 | D:5      | Found a staircase to the Ecumenical Temple.
  4449 | Temple   | Entered the Ecumenical Temple
  4461 | Temple   | Became a worshipper of Warmaster Okawaru
  4637 | D:5      | Found an opulent altar of Gozag.
  4654 | D:5      | Reached XP level 8. HP: 51/51 MP: 8/8
  5215 | D:6      | Found Evimoa's Book Shop.
  5338 | D:6      | Noticed Prince Ribbit
  5341 | D:6      | Slain by an ogre

Illustrated notes

Levels and vault maps discovered:
D:1:      shiori_arrival_maze, layout_basic, minmay_crystal_water
D:2:      layout_loops_cross
D:3:      layout_loops_ring, serial_shops, nicolae_shop_tiny_waterfront
D:4:      layout_loops_cross, chequers_temple_overflow_statue_of_worship,
          serial_shops, shop, portal_sewer_entry_e
D:5:      layout_loops_ring, mainiacjoe_overflow_cross_hatched,
          minmay_temple_entry_slanted, serial_rivers,
          chequers_serial_rivers_micro_b, chequers_serial_rivers_micro_b,
          chequers_serial_rivers_micro_c, chequers_serial_rivers_room_b,
          chequers_serial_rivers_marsh, chequers_serial_rivers_room_a
D:6:      layout_loops_ring, serial_shops, kennysheep_little_box, uniq_pikel,
          uniq_prince_ribbit1
Temple:   nicolae_temple_superstar

Skill      XL: |  1  2  3  4  5  6  7  8 |
---------------+-------------------------+-----
Shields        | 4 5 6 |  6.0
Fighting       | 4 5 |  5.9
Maces & Flails | 3 4 |  4.9
Armour         | 4 5 6 |  6.0

Action                     |  1- 3 |  4- 6 |  7- 9 || total
---------------------------+-------+-------+-------++-------
  Melee: Flail             |   149 |   422 |   202 ||   773
    Use: Scroll            |       |     5 |     6 ||    11
 Armour: Scale mail        |    80 |       |       ||    80
         Chain mail        |       |   498 |   183 ||   681
  Dodge: Dodged            |    72 |   360 |   107 ||   539
  Block: Buckler           |    34 |   191 |    51 ||   276

Table legend: (Time is in decaauts)
 A = Elapsed time spent in this place.
 B = Non-inter-level travel time spent in this place.
 C = Inter-level travel time spent in this place.
 D = Time resting spent in this place.
 E = Time spent auto-exploring this place.
 F = Levels seen in this place.
 G = Mean time per level.
                   A        B        C        D        E       F      G
               +--------+--------+--------+--------+--------+-----+--------+
         Total |   5570 |   5239 |    331 |    165 |   3333 |   8 |  696.2 |
       Dungeon |   4732 |   4423 |    309 |    165 |   2923 |   6 |  788.7 |
        Temple |     24 |      2 |     22 |      0 |      0 |   1 |   24.0 |
         Sewer |    813 |    813 |      0 |      0 |    409 |   1 |  813.0 |
               +--------+--------+--------+--------+--------+-----+--------+

Top non-repeatable levels by time:
     D:4: 983 daAuts
     D:1: 965 daAuts
     D:3: 891 daAuts
     D:2: 847 daAuts
     D:5: 817 daAuts
   Sewer: 813 daAuts
     D:6: 227 daAuts
  Temple: 24 daAuts
